 Dungeon Crawl Stone Soup version 0.32-a0-576-g706899e69d (webtiles) character file.

Game seed: 13586204976669814597

347 IdlyInterested the Trooper (level 6, -3/48 HPs)
             Began as a Demonspawn Fighter on Mar 1, 2024.
             Slain by Sigmund
             ... wielding a +5 heavy scythe
              (14 damage)
             ... on level 4 of the Dungeon.
             The game lasted 00:08:39 (2278 turns).

IdlyInterested the Trooper (Demonspawn Fighter)     Turns: 2278, Time: 00:08:40

Health: -3/48      AC: 12    Str: 19    XL:     6   Next: 32%
Magic:  0/6        EV: 10    Int:  8    God:
Gold:   221        SH:  4    Dex: 12    Spells: 5/5 levels left

rFire   . .          .
                       - Unarmed
rCold   + . .        c - +0 buckler
rNeg    . . .        A - +2 chain mail {rC+}
rPois   .            (no helmet)
rElec   .            (no cloak)
rCorr   .            (no gloves)
SInv    .            x - +0 pair of boots
Will    .....        t - amulet of guardian spirit Stlth
                     (no ring)
HPRegen 0.28/turn    (no ring)
MPRegen 0.10/turn

%: guardian spirit
@: no status effects
A: claws 1, repulsion field 1, spiny 1, demonic magic 1
a: no special abilities


You were on level 4 of the Dungeon.
You visited 1 branch of the dungeon, and saw 4 of its levels.

You collected 221 gold pieces.

Inventory:

Hand Weapons
 e - a +0 dagger
Missiles
 f - 47 stones (quivered)
 z - a boomerang
Armour
 b - a +1 scale mail
 c - a +0 buckler (worn)
 l - a +0 leather armour
 x - a +0 pair of boots (worn)
 y - an orb of wrath
 A - a +2 chain mail of cold resistance (worn)
Jewellery
 m - a ring of fire
 p - a ring of fire
 t - an amulet of guardian spirit (around neck)
Wands
 v - a wand of quicksilver (6)
Scrolls
 a - a scroll of blinking
 g - a scroll of revelation
 h - a scroll of poison
 j - 2 scrolls of enchant armour
 k - 3 scrolls of teleportation
 n - a scroll of noise
 r - 2 scrolls of immolation
 s - a scroll of vulnerability
Potions
 d - 2 potions of might
 i - 2 potions of curing
 o - a potion of resistance {unknown}
 q - a potion of haste {unknown}
 w - a potion of magic {unknown}


   Skills:
 + Level 4.1 Fighting
 - Level 2.0 Long Blades
 - Level 3.0 Armour
 + Level 2.1 Dodging
 - Level 2.6 Shields
 * Level 3.3 Unarmed Combat
 - Level 2.0 Shapeshifting


You had 5 spell levels left.
You didn't know any spells.
Your spell library contained the following spells:

 Spells                   Type           Power      Damage    Failure   Level
 Shock                    Conj/Air       0%         1d3       99%         1
 Swiftness                Air            0%         N/A       100%        3
 Airstrike                Air            0%         2d(0-16)  100%        4
 Summon Forest            Summ/Tloc      0%         N/A       100%        5
 Eringya's Noxious Bog    Alch           0%         4d6       100%        6
 Summon Hydra             Summ           0%         N/A       100%        7


Dungeon Overview and Level Annotations

Branches:
Dungeon (4/15)
 Temple: D:4-7

Altars:
Nemelex Xobeh

Shops:
D:4 *

Annotations:
D:4 Sigmund


Innate Abilities, Weirdness & Mutations

You have sharp fingernails.
You are surrounded by a mild repulsion field. (EV +2)
You are partially covered in sharp spines.
Spells you cast may paralyse adjacent enemies.


Message History

Sigmund casts a spell.
Sigmund flickers and vanishes!
Deactivating autopickup; reactivate with Ctrl-A.
You block the ogre's attack.
You scratch the ogre.
The ogre is almost dead.
Something hits you.
You scratch the ogre.
The ogre is almost dead.
The ogre hits you with a +0 giant club!!
Ouch! That really hurt!
Aiming: Quicksilver Bolt
Press: ? - help, Shift-Dir - straight line The bolt of dispelling energy hits the ogre!!
You kill the ogre!
Something hits you.
Your Fighting skill increases to level 4!
Your Dodging skill increases to level 2!
You have reached level 6!
Your demonic ancestry asserts itself...
You begin to radiate repulsive energy.
Things that are here:
a +0 giant club; an ogre corpse You scratch something.
Something completely misses you.
You closely miss something. You miss something. You closely miss something.
Something hits you.
You barely miss something. You closely miss something. Something hits you!
* * * LOW HITPOINT WARNING * * *
You miss something. You miss something.
You hear some strange, mumbled words.
Something tries to affect you, but you resist.
You miss something. You scratch something.
You hear some strange, mumbled words.
Something tries to affect you, but you resist.
You barely miss something. Something hits you!
You die...

#.### #.#.##.##...# #### ....#
#.#.##>.##..#
.##.##########...# #..#..##
.##..............####.....####
.##############........#.....#
.# ##..###.....##.# .# ###..#
#.....# .# .# #.{.## ##......
# ## ......#@# #......... #
....###.# #..####.....# ## ...
#.# #.# #.#..# .## .. ?.. ..
.#### ..# . ...... .. ..#
#.....[ ..# #......#
.######### ######## .
.........######## .


There were no monsters in sight!

Vanquished Creatures
  An ogre (D:4)
  A howler monkey (D:4)
  A bombardier beetle (D:3)
  A gnoll bouda (D:3)
  Terence (D:3)
  An orc wizard (D:4)
  4 adders
  An ufetubus (D:3)
  A dart slug (D:1)
  A ribbon worm (D:2)
  7 orcs
  8 ball pythons
  A bat (D:2)
  2 endoplasms
  A giant cockroach (D:1)
  4 hobgoblins
  2 jackals (D:4)
  6 kobolds
  A quokka (D:1)
  2 frilled lizards (D:1)
  9 goblins
  4 rats
60 creatures vanquished.

Notes
Turn   | Place    | Note
-------+----------+-------------------------------------------
     0 | D:1      | IdlyInterested the Demonspawn Fighter began the quest for
                  | the Orb.
     0 | D:1      | Reached XP level 1. HP: 18/18 MP: 1/1
    88 | D:1      | Gained mutation: You have sharp fingernails. [demonic
                  | ancestry]
    88 | D:1      | Reached XP level 2. HP: 24/24 MP: 2/2
   800 | D:2      | Reached skill level 1 in Unarmed Combat
   800 | D:2      | Gained mutation: You are partially covered in sharp spines.
                  | [demonic ancestry]
   800 | D:2      | Reached XP level 3. HP: 23/29 MP: 3/3
  1094 | D:2      | Found a faded altar of an unknown god.
  1108 | D:2      | Reached skill level 1 in Shapeshifting
  1402 | D:3      | Noticed Terence
  1414 | D:3      | Killed Terence
  1415 | D:3      | Gained mutation: Spells you cast may paralyse adjacent
                  | enemies. [demonic ancestry]
  1415 | D:3      | Reached XP level 4. HP: 23/35 MP: 2/4
  1556 | D:3      | Found a sparkling altar of Nemelex Xobeh.
  1660 | D:3      | Found a transporter.
  1666 | D:3      | Found a transporter.
  1895 | D:3      | Reached skill level 1 in Dodging
  1919 | D:3      | Reached XP level 5. HP: 26/41 MP: 3/5
  2005 | D:4      | Found Dihah's Neck Hole.
  2250 | D:4      | Noticed Sigmund
  2252 | D:4      | Noticed an ogre
  2266 | D:4      | Killed an ogre
  2267 | D:4      | Reached skill level 4 in Fighting
  2267 | D:4      | Gained mutation: You are surrounded by a mild repulsion
                  | field. (EV +2) [demonic ancestry]
  2267 | D:4      | Reached XP level 6. HP: 18/48 MP: 2/6
  2278 | D:4      | Slain by Sigmund

Illustrated notes

Levels and vault maps discovered:
D:1:      scummos_arrival_simple_fountains, layout_loops_ring, kennysheep_boxes
D:2:      layout_rooms, hellmonk_ecumenical_altar_blasted, interstate_on_off
D:3:      layout_rooms, gammafunk_temple_overflow_arena, minmay_fountain_box,
          chequers_serial_rivers_small_3, uniq_terence
D:4:      layout_rooms, nicolae_shop_sticking_my_neck_out, uniq_sigmund

Skill      XL: |  1  2  3  4  5 |
---------------+----------------+-----
Long Blades    | 2 |  2.0
Armour         | 3 |  3.0
Unarmed Combat | 1 2 3 |  3.3
Shapeshifting  | 1 2 |  2.0
Dodging        | 1 2 |  2.1
Fighting       | 4 |  4.1
Shields        | |  2.6

Action                     |  1- 3 |  4- 6 || total
---------------------------+-------+-------++-------
  Melee: Long sword        |    60 |       ||    60
         Unarmed           |    30 |    87 ||   117
  Throw: Stone             |       |     1 ||     1
  Evoke: Wand              |       |     2 ||     2
    Use: Scroll            |     2 |     5 ||     7
         Potion            |       |     1 ||     1
 Armour: Scale mail        |    47 |    44 ||    91
         Chain mail        |       |     9 ||     9
  Dodge: Dodged            |    35 |    24 ||    59
  Block: Buckler           |    12 |    13 ||    25

Table legend: (Time is in decaauts)
 A = Elapsed time spent in this place.
 B = Non-inter-level travel time spent in this place.
 C = Inter-level travel time spent in this place.
 D = Time resting spent in this place.
 E = Time spent auto-exploring this place.
 F = Levels seen in this place.
 G = Mean time per level.
                   A        B        C        D        E       F      G
               +--------+--------+--------+--------+--------+-----+--------+
         Total |   2302 |   2111 |    191 |      0 |   1452 |   4 |  575.5 |
       Dungeon |   2302 |   2111 |    191 |      0 |   1452 |   4 |  575.5 |
               +--------+--------+--------+--------+--------+-----+--------+

Top non-repeatable levels by time:
     D:1: 804 daAuts
     D:2: 630 daAuts
     D:3: 595 daAuts
     D:4: 272 daAuts
